[Event "Titled Tuesday Blitz January 17 Early 2023"]
[White "Kovalenko, Igor"]
[Black "Myshakov, Fyodor"]
[WhiteFideId "14117908"]
[BlackFideId "14111284"]
[WhiteElo "2674"]
[BlackElo "2292"]
[Result "1-0"]
[Round "01"]
[TimeControl "180+2"]
[Date "2023.01.17"]
[WhiteClock "0:00:35"]
[BlackClock "0:00:07"]

1. d4 d5 2. Nf3 Nf6 3. c4 dxc4 4. e3 e6 5. Bxc4 c5 6. O-O a6 7. b3 b5 8. Be2 Bb7 9. a4 bxa4 10. Rxa4 Nc6 11. Ba3 Qb6 12. Nbd2 cxd4 13. Bxf8 Kxf8 14. Nc4 Qc7 15. Nxd4 g6 16. Qa1 Nxd4 17. Qxd4 Kg7 18. Qd6 Rhc8 19. Qxc7 Rxc7 20. Rfa1 Nd5 21. Ra5 Rb8 22. Nd6 Nc3 23. Bc4 Rc6 24. Nxb7 Rxb7 25. Rxa6 Rcc7 26. f3 Nd5 27. Kf2 Nb6 28. Rc1 Nxc4 29. bxc4 Rb2+ 30. Kg3 Rc5 31. Ra7 Rg5+ 32. Kf4 Rbxg2 33. c5 Rf5+ 34. Ke4 Rgg5 35. Rc7 Rd5 36. f4 Rh5 37. c6 Rxh2 38. Re7 Rhh5 39. c7 Rc5 40. c8=Q Rxc8 41. Rxc8 Rf5 42. Ree8 Ra5 43. Rc7 Ra4+ 44. Kf3 Ra5 45. Ree7 Rf5 46. e4 Rf6 47. Ke3 h6 48. Re8 g5 49. fxg5 hxg5 50. e5 Rf1 51. Rxe6 Re1+ 52. Kf2 Re4 53. Kf3 Re1 54. Kg4 Rg1+ 55. Kf5 Rf1+ 56. Kxg5 Rg1+ 57. Kf4 Rf1+ 58. Kg3 Re1 59. Ree7 Kg6 60. Rc6+ Kg5 61. Rf6 Re3+ 62. Kf2 Ra3 63. Rfxf7 Ra2+ 64. Kg3 Ra3+ 65. Rf3 Ra5 66. e6 Kg6 67. Re8 Re5 68. e7 Kg7 69. Kf4 Re6 70. Re3 Rf6+ 71. Kg5 Rg6+ 72. Kh4 Rh6+ 73. Kg3 Rg6+ 74. Kf2 Rf6+ 75. Ke2 Kf7 76. Rf8+ Kg7 77. Rxf6 Kxf6 78. e8=Q 1-0


[Site "https://www.chess.com"]

[Event "Titled Tuesday Blitz January 17 Early 2023"]
[White "Ozates, Tuna"]
[Black "Zhigalko, Sergei"]
[WhiteFideId "6354521"]
[BlackFideId "13502956"]
[WhiteElo "2251"]
[BlackElo "2572"]
[Result "0-1"]
[Round "01"]
[TimeControl "180+2"]
[Date "2023.01.17"]
[WhiteClock "0:00:01"]
[BlackClock "0:00:32"]

1. e4 c5 2. Nc3 Nc6 3. g3 g6 4. Bg2 Bg7 5. d3 Rb8 6. f4 b5 7. Nf3 b4 8. Ne2 e6 9. O-O Nge7 10. g4 f5 11. g5 O-O 12. Ng3 a5 13. h4 Nd4 14. h5 a4 15. Rb1 Bb7 16. Be3 Qc7 17. c3 Nxf3+ 18. Bxf3 a3 19. cxb4 cxb4 20. bxa3 bxa3 21. Rb3 Bb2 22. hxg6 hxg6 23. Kg2 Rfc8 24. Rf2 Ba8 25. Rxb8 Qxb8 26. Qh1 Bg7 27. Ne2 Qb5 28. Qd1 Nc6 29. e5 Nb4 0-1


[Site "https://www.chess.com"]

[Event "Titled Tuesday Blitz January 17 Early 2023"]
[White "Abdrlauf, Elham"]
[Black "Kopczynski, Michal"]
[WhiteFideId "1533533"]
[BlackFideId "1124200"]
[WhiteElo "2518"]
[BlackElo "2225"]
[Result "0-1"]
[Round "01"]
[TimeControl "180+2"]
[Date "2023.01.17"]
[WhiteClock "0:00:01"]
[BlackClock "0:00:09"]

1. d4 Nf6 2. Nf3 g6 3. Bf4 Bg7 4. e3 d6 5. c3 O-O 6. Nbd2 Nfd7 7. Be2 Nc6 8. O-O e5 9. Bg3 f5 10. Bh4 Qe8 11. b4 h6 12. b5 Nd8 13. Bxd8 Qxd8 14. dxe5 Nxe5 15. Nxe5 Bxe5 16. Nf3 Bg7 17. Nd4 f4 18. exf4 Rxf4 19. Bf3 Qg5 20. Re1 Bh3 21. g3 Raf8 22. Re3 Kh7 23. Qe2 Bxd4 24. cxd4 Rxf3 25. Rxf3 Bg4 26. Rxf8 Bxe2 27. Re1 Qd2 28. Ra1 Qxd4 29. Rc1 Kg7 30. Re8 Bc4 31. Re7+ Kf6 32. Rxc7 Bd5 33. R7c2 Qe4 34. f3 Qe3+ 35. Kf1 Qd3+ 36. Kg1 Qxb5 37. Rd2 Qb6+ 38. Kg2 Bc6 39. Rxd6+ Ke7 40. Rd2 Kf7 41. Re1 Qa5 42. Ree2 Qf5 43. Re3 g5 44. Kf2 g4 45. f4 Qb1 46. Re5 Qh1 47. Ke3 Qf3+ 48. Kd4 h5 49. Rde2 h4 50. Rf5+ Kg7 51. Rg5+ Kf6 52. Rge5 hxg3 53. Re6+ Kf7 54. Re7+ Kf8 55. hxg3 Qxg3 56. Kc5 Qxf4 57. R7e5 g3 0-1


[Site "https://www.chess.com"]

[Event "Titled Tuesday Blitz January 17 Early 2023"]
[White "Nguyen Hong Nhung"]
[Black "Shankland, Sam"]
[WhiteFideId "12412201"]
[BlackFideId "2004887"]
[WhiteElo "2003"]
[BlackElo "2711"]
[Result "0-1"]
[Round "01"]
[TimeControl "180+2"]
[Date "2023.01.17"]
[WhiteClock "0:01:30"]
[BlackClock "0:02:02"]

1. e4 c5 2. Nc3 Nc6 3. Bb5 Nd4 4. Bc4 e6 5. Nge2 Nf6 6. O-O a6 7. a4 d5 8. exd5 exd5 9. Ba2 Bd6 10. h3 O-O 11. Nxd4 cxd4 12. Ne2 d3 13. cxd3 Re8 14. d4 Bf5 15. d3 h6 16. Re1 Qd7 17. Be3 Re7 18. Bb3 Rae8 19. Qd2 Bxh3 20. gxh3 Qxh3 21. Bf4 Qg4+ 22. Kf1 Qf3 23. Bxd6 Rxe2 0-1


[Site "https://www.chess.com"]

[Event "Titled Tuesday Blitz January 17 Early 2023"]
[White "Moroni, Luca Jr"]
[Black "sabkeIXO"]
[WhiteFideId "865834"]
[WhiteElo "2535"]
[BlackElo "2481"]
[Result "1-0"]
[Round "01"]
[TimeControl "180+2"]
[Date "2023.01.17"]
[WhiteClock "0:00:57"]
[BlackClock "0:00:54"]

1. d4 Nf6 2. Nf3 g6 3. Nc3 Bg7 4. e4 d6 5. Be3 O-O 6. Qd2 Nc6 7. O-O-O Bg4 8. Be2 Bxf3 9. Bxf3 e5 10. dxe5 Nxe5 11. Be2 Neg4 12. Bxg4 Nxg4 13. Bd4 Bxd4 14. Qxd4 Qf6 15. Qxf6 Nxf6 16. f3 a6 17. Rhe1 Rfe8 18. b3 Rad8 19. a4 Kf8 20. g3 c6 21. Re2 Rd7 22. Red2 Red8 23. a5 Ke7 24. Na4 g5 25. Nb6 Rc7 26. c4 g4 27. e5 Ne8 28. fxg4 d5 29. Kb2 Kf8 30. cxd5 cxd5 31. Rxd5 Rxd5 32. Rxd5 Ng7 33. Rd7 Ne6 34. Rxc7 Nxc7 35. Nd7+ Ke7 36. Nc5 h6 37. b4 Nd5 38. Kb3 Ne3 39. h3 1-0


[Site "https://www.chess.com"]

[Event "Titled Tuesday Blitz January 17 Early 2023"]
[White "Molina, Roberto Junio Brito"]
[Black "Bozorov, Makhsum"]
[WhiteFideId "2109450"]
[BlackFideId "14201330"]
[WhiteElo "2403"]
[BlackElo "2145"]
[Result "0-1"]
[Round "01"]
[TimeControl "180+2"]
[Date "2023.01.17"]
[WhiteClock "0:01:20"]
[BlackClock "0:01:13"]

1. d4 Nf6 2. c4 g6 3. Nc3 d5 4. Nf3 Bg7 5. Qb3 dxc4 6. Qxc4 O-O 7. e4 Na6 8. Be2 c5 9. d5 e6 10. O-O exd5 11. exd5 Re8 12. Rd1 Bf5 13. Bg5 h6 14. Bh4 Qb6 15. Na4 Qb4 16. a3 Qxc4 17. Bxc4 Ne4 18. Nd2 Nd6 19. Bxa6 bxa6 20. Bg3 Bc2 21. Re1 Bxa4 22. Bxd6 Bxb2 23. Rxe8+ Rxe8 24. Rb1 Bxa3 25. Ne4 Rxe4 26. Rb8+ Kh7 27. f3 Rb4 28. Ra8 Bb2 29. Rxa7 Bd4+ 30. Kf1 Bb5+ 31. Ke1 Rb1+ 32. Kd2 Kg7 33. f4 Rb2+ 34. Kd1 Rxg2 35. Be5+ Bxe5 36. fxe5 Kf8 37. Ra8+ Ke7 38. Ra7+ Bd7 39. Rxa6 Rg5 0-1


[Site "https://www.chess.com"]

[Event "Titled Tuesday Blitz January 17 Early 2023"]
[White "Sihite, Chelsie Monica Ignesias"]
[Black "Kravtsiv, Martyn"]
[WhiteFideId "7101198"]
[BlackFideId "14113147"]
[WhiteElo "2266"]
[BlackElo "2598"]
[Result "0-1"]
[Round "01"]
[TimeControl "180+2"]
[Date "2023.01.17"]
[WhiteClock "0:00:20"]
[BlackClock "0:00:29"]

1. c4 e6 2. Nf3 d5 3. g3 Nf6 4. Bg2 Be7 5. O-O O-O 6. cxd5 exd5 7. d4 c6 8. Nc3 h6 9. h3 Bf5 10. Bf4 Nbd7 11. a4 a5 12. Ne5 Bb4 13. Nxd7 Nxd7 14. g4 Bh7 15. Re1 Re8 16. Qc1 Rc8 17. Bd2 Nf6 18. Nd1 Bd6 19. Nc3 Qb6 20. e3 Bb8 21. Ne2 Ne4 22. Bc3 Qc7 23. f4 Qb6 24. Bxe4 Bxe4 25. Ng3 Qd8 26. Qd2 b6 27. Qf2 Qd6 28. Rac1 Re7 29. Kh2 Rce8 30. Bd2 Kh7 31. Nxe4 Rxe4 32. Kg2 R8e6 33. Rh1 Rg6 34. Kf1 c5 35. dxc5 bxc5 36. Qf3 Rxa4 37. f5 Rf6 38. h4 Qd7 39. Ke2 Qb5+ 40. Ke1 Qxb2 41. g5 Ra2 42. Rd1 Rb6 43. Rg1 Qe5 44. Qg4 Rxd2 45. g6+ Kh8 46. Rxd2 Qxe3+ 47. Kd1 Rb1+ 48. Kc2 Qb3# 0-1


[Site "https://www.chess.com"]

[Event "Titled Tuesday Blitz January 17 Early 2023"]
[White "Bharath Subramaniyam H"]
[Black "Czerw, Dawid"]
[WhiteFideId "46634827"]
[BlackFideId "1145746"]
[WhiteElo "2517"]
[BlackElo "2278"]
[Result "1-0"]
[Round "01"]
[TimeControl "180+2"]
[Date "2023.01.17"]
[WhiteClock "0:02:13"]
[BlackClock "0:02:12"]

1. e4 c5 2. Nf3 Nc6 3. Bc4 e6 4. O-O d5 5. Bb5 dxe4 6. Ne5 Bd7 7. Nxc6 Bxc6 8. Bxc6+ bxc6 9. Nc3 Nf6 10. Qe2 Bd6 11. Nxe4 O-O 12. d3 Nd5 13. b3 h6 14. Bb2 f5 15. Nxd6 Qxd6 16. Be5 Qd7 17. Rfe1 f4 18. Qf3 Rf5 19. Re2 g5 20. Rae1 Qf7 21. Ba1 Re8 22. c4 Nf6 23. Qxc6 f3 24. Rxe6 Rxe6 25. Rxe6 fxg2 26. Rxf6 1-0


[Site "https://www.chess.com"]

[Event "Titled Tuesday Blitz January 17 Early 2023"]
[White "Demidov, Mikhail"]
[Black "Kuzmin, Roman"]
[WhiteFideId "4197143"]
[BlackFideId "44134932"]
[WhiteElo "2583"]
[BlackElo "2198"]
[Result "1-0"]
[Round "01"]
[TimeControl "180+2"]
[Date "2023.01.17"]
[WhiteClock "0:02:07"]
[BlackClock "0:01:47"]

1. Nf3 Nf6 2. g3 e6 3. Bg2 d5 4. O-O Be7 5. c4 O-O 6. b3 c6 7. Bb2 b6 8. e3 Bb7 9. Qe2 Nbd7 10. Nc3 Rc8 11. Rac1 Bd6 12. d4 Qe7 13. Rfd1 a6 14. e4 Ba3 15. e5 Ne8 16. h4 Bxb2 17. Qxb2 dxc4 18. bxc4 c5 19. d5 exd5 20. Nxd5 Qe6 21. Ng5 Qxe5 22. Qxe5 Nxe5 23. Ne7+ Kh8 24. Nxc8 Bxc8 25. Rd8 Bf5 26. Re1 f6 27. Nf7+ Nxf7 28. Rexe8 1-0


[Site "https://www.chess.com"]

[Event "Titled Tuesday Blitz January 17 Early 2023"]
[White "Selbes, Tarik"]
[Black "Indjic, Aleksandar"]
[WhiteFideId "6302513"]
[BlackFideId "911925"]
[WhiteElo "2255"]
[BlackElo "2618"]
[Result "0-1"]
[Round "01"]
[TimeControl "180+2"]
[Date "2023.01.17"]
[WhiteClock "0:00:06"]
[BlackClock "0:00:54"]

1. d4 d5 2. c4 dxc4 3. e3 e5 4. Bxc4 Nc6 5. Nf3 e4 6. Nfd2 Qg5 7. Kf1 Nf6 8. Nc3 Qg6 9. a3 a6 10. Qc2 Bf5 11. h3 h5 12. Nd5 Bd6 13. Nxf6+ gxf6 14. Bd5 Rg8 15. Bxe4 Ne7 16. g3 O-O-O 17. Bxf5+ Nxf5 18. Ne4 Kb8 19. Qe2 Nxd4 20. exd4 Rde8 21. Qf3 Rxe4 22. Be3 f5 23. Re1 h4 24. gxh4 Rxh4 25. Ke2 f4 26. Bd2 Qc2 27. Rd1 Rh6 0-1


[Site "https://www.chess.com"]

[Event "Titled Tuesday Blitz January 17 Early 2023"]
[White "Babazada, Khazar"]
[Black "Garcia Almaguer, Juan Manuel"]
[WhiteFideId "13413554"]
[BlackFideId "5110491"]
[WhiteElo "2474"]
[BlackElo "2090"]
[Result "1-0"]
[Round "01"]
[TimeControl "180+2"]
[Date "2023.01.17"]
[WhiteClock "0:02:39"]
[BlackClock "0:00:59"]

1. c4 Nf6 2. Nc3 e5 3. Nf3 Nc6 4. e4 Bc5 5. Nxe5 Nxe5 6. d4 Bxd4 7. Qxd4 Nc6 8. Qd2 d6 9. b3 O-O 10. Bb2 Re8 11. f3 a5 12. h4 h5 13. Be2 Bd7 14. O-O-O a4 15. g4 axb3 16. axb3 hxg4 17. h5 Ne5 18. f4 Nf3 19. Bxf3 gxf3 20. Rdg1 Kf8 21. h6 gxh6 22. Rxh6 c6 23. Qxd6+ Qe7 24. Rh8+ 1-0


[Site "https://www.chess.com"]

[Event "Titled Tuesday Blitz January 17 Early 2023"]
[White "Flores Quillas, Diego Saul Rodri"]
[Black "Baskakov, Egor"]
[WhiteFideId "3822508"]
[BlackFideId "24197866"]
[WhiteElo "2359"]
[BlackElo "2215"]
[Result "0-1"]
[Round "01"]
[TimeControl "180+2"]
[Date "2023.01.17"]
[WhiteClock "0:00:25"]
[BlackClock "0:00:21"]

1. e4 c5 2. Nf3 Nf6 3. d4 Nxe4 4. d5 d6 5. Bd3 Nf6 6. c4 g6 7. O-O Bg7 8. Nc3 O-O 9. h3 e5 10. dxe6 Bxe6 11. Bg5 h6 12. Bh4 g5 13. Bg3 d5 14. cxd5 Nxd5 15. Nxd5 Qxd5 16. Qe2 Nc6 17. Rfd1 Nd4 18. Nxd4 cxd4 19. Rac1 Rfe8 20. Be4 Qxa2 21. Bxb7 Bd5 22. Qb5 Bxb7 23. Qxb7 a5 24. h4 gxh4 25. Bxh4 Rab8 26. Qd7 Qxb2 27. Rc7 Qb3 28. Rd3 Qe6 29. Qa4 Qe4 30. Rh3 Rb1+ 31. Kh2 Qe1 32. f3 Be5+ 0-1


[Site "https://www.chess.com"]

[Event "Titled Tuesday Blitz January 17 Early 2023"]
[White "Gorodetzky, David"]
[Black "Krstulovic, Alex"]
[WhiteFideId "2813416"]
[BlackFideId "760056"]
[WhiteElo "2485"]
[BlackElo "2428"]
[Result "1-0"]
[Round "01"]
[TimeControl "180+2"]
[Date "2023.01.17"]
[WhiteClock "0:00:19"]
[BlackClock "0:00:07"]

1. e4 c5 2. Nf3 e6 3. c3 Nf6 4. e5 Nd5 5. d4 cxd4 6. cxd4 d6 7. Bc4 Bd7 8. O-O Bc6 9. Nbd2 Nd7 10. Ne4 dxe5 11. dxe5 Be7 12. Qe2 Rc8 13. Bg5 Bxg5 14. Nd6+ Kf8 15. Nxg5 Qxg5 16. Bxd5 Qxe5 17. Qxe5 Nxe5 18. Nxc8 Bxd5 19. Nxa7 Ke7 20. b3 Nd3 21. Rad1 Nf4 22. Nb5 Bxg2 23. Rfe1 Bf3 24. Rd2 h5 25. Nd4 Bd5 26. f3 Kf6 27. Kf2 Rc8 28. Ne2 Nh3+ 29. Ke3 Ng5 30. Nf4 Bxf3 31. Nh3 Rc3+ 32. Kd4 Rc8 33. Nxg5 Kxg5 34. Rg1+ Kf6 35. Ke3 Bd5 36. Rf2+ Ke7 37. Rxg7 e5 38. Rg5 Ke6 39. Rxh5 Rc1 40. Rh6+ Ke7 41. h4 Re1+ 42. Kd2 Rg1 43. h5 e4 44. Rhf6 Rg3 45. Ke1 e3 46. Rf1 Rh3 47. R6f5 Be6 48. Re5 Rh2 49. Rxe3 Rxh5 50. Kd2 Ra5 51. a4 Rc5 52. Rc1 Rd5+ 53. Kc3 Rc5+ 54. Kb2 Rd5 55. Rce1 Rd2+ 56. Kc3 Rd5 57. b4 Rf5 58. b5 Rf4 59. Re4 Rf3+ 60. Kb4 b6 61. R1e3 Rf1 62. a5 Rb1+ 63. Ka4 Ra1+ 64. Ra3 Rxa3+ 65. Kxa3 bxa5 66. Ka4 Kd8 67. Kxa5 Kc7 68. Ka6 Kb8 69. Kb6 Kc8 70. Re1 Kb8 71. Rd1 Kc8 72. Ka7 Bg4 73. Rc1+ Kd7 74. b6 Bf3 75. Rf1 Bd5 76. b7 Bxb7 77. Rxf7+ 1-0


[Site "https://www.chess.com"]

[Event "Titled Tuesday Blitz January 17 Early 2023"]
[White "Sanchez, Robert"]
[Black "Galchenko, Matvey"]
[WhiteFideId "2034360"]
[BlackFideId "24175480"]
[WhiteElo "1966"]
[BlackElo "2438"]
[Result "0-1"]
[Round "01"]
[TimeControl "180+2"]
[Date "2023.01.17"]
[WhiteClock "0:00:18"]
[BlackClock "0:00:17"]

1. e4 e6 2. d4 d5 3. Nc3 Bb4 4. e5 Ne7 5. Bd2 b6 6. Nf3 Ba6 7. Bxa6 Nxa6 8. O-O O-O 9. Qe2 Bxc3 10. Bxc3 Nb8 11. a4 c5 12. a5 Nbc6 13. a6 Qc7 14. Rfe1 Rfc8 15. Rad1 Rab8 16. h4 cxd4 17. Bxd4 b5 18. c3 b4 19. Ng5 h6 20. Nh3 Nxd4 21. cxd4 Nf5 22. Qg4 Qc2 23. Nf4 Qxb2 24. Nxd5 exd5 25. Qxf5 Rc6 26. e6 fxe6 27. Rxe6 Rf8 28. Qxd5 Qxf2+ 29. Kh1 Qxh4+ 30. Kg1 Qf2+ 31. Kh1 Rxe6 32. Qxe6+ Kh8 33. d5 Rf4 34. Rd3 Qf1+ 35. Kh2 Qxd3 0-1


[Site "https://www.chess.com"]

[Event "Titled Tuesday Blitz January 17 Early 2023"]
[White "Ohanyan, Emin"]
[Black "Tymrakiewicz, Rafal"]
[WhiteFideId "13312022"]
[BlackFideId "1108832"]
[WhiteElo "2444"]
[BlackElo "2144"]
[Result "1-0"]
[Round "01"]
[TimeControl "180+2"]
[Date "2023.01.17"]
[WhiteClock "0:00:30"]
[BlackClock "0:00:01"]

1. e4 Nf6 2. Nc3 d5 3. e5 Ne4 4. Nce2 f6 5. d3 Ng5 6. f4 Nf7 7. d4 c5 8. c3 Nc6 9. Nf3 Bg4 10. Neg1 cxd4 11. cxd4 e6 12. h3 Bf5 13. Bd3 Bxd3 14. Qxd3 Nb4 15. Qb3 Rc8 16. Kf2 Be7 17. Ne2 fxe5 18. fxe5 O-O 19. Rf1 Qc7 20. Kg1 Qc2 21. Nf4 Nd8 22. Bd2 Qxb3 23. axb3 a6 24. Rac1 Rxc1 25. Rxc1 g5 26. Nh5 Ndc6 27. Bxg5 Bxg5 28. Nxg5 Nxd4 29. Nf6+ Kg7 30. Rc7+ Kg6 31. Ngxh7 Rf7 32. Rc8 Rxh7 33. Nxh7 Kxh7 34. Rc7+ Kg6 35. Rxb7 Nd3 36. Rb6 Nxe5 37. Rxa6 Nd3 38. Ra8 Kf5 39. h4 Nxb3 40. h5 Nd4 41. Rg8 Ne2+ 42. Kf1 1-0


[Site "https://www.chess.com"]

[Event "Titled Tuesday Blitz January 17 Early 2023"]
[White "Begunov, Konstantin"]
[Black "Maximov, Dmitry"]
[WhiteFideId "4118510"]
[BlackFideId "14105659"]
[WhiteElo "2325"]
[BlackElo "2497"]
[Result "0-1"]
[Round "01"]
[TimeControl "180+2"]
[Date "2023.01.17"]
[WhiteClock "0:00:03"]
[BlackClock "0:00:19"]

1. d4 Nf6 2. c4 g6 3. f3 Bg7 4. e4 O-O 5. Nc3 d6 6. Be3 b6 7. Bd3 a6 8. Nge2 c5 9. d5 e6 10. dxe6 Bxe6 11. O-O Nc6 12. Qd2 Ne5 13. b3 Qd7 14. a4 Rfd8 15. Bc2 Rab8 16. Rad1 h5 17. Bg5 Qc6 18. Nf4 Rd7 19. Nce2 Nh7 20. Bh4 b5 21. axb5 axb5 22. Nxe6 fxe6 23. f4 Nf7 24. e5 Nf8 25. exd6 bxc4 26. bxc4 Rxd6 27. Qe3 Rb2 28. Be4 Qc7 29. Bf2 Rdb6 30. Bf3 R6b3 31. Qe4 Nd6 32. Rxd6 Qxd6 33. Nc1 Rb4 34. Nd3 Rxf2 35. Rxf2 Rb1+ 36. Rf1 Bd4+ 37. Nf2 Rb2 38. g3 Kg7 39. Be2 e5 40. Bd3 exf4 41. gxf4 Qf6 0-1


[Site "https://www.chess.com"]

[Event "Titled Tuesday Blitz January 17 Early 2023"]
[White "Gareyev, Timur"]
[Black "Baches Garcia, Guillermo"]
[WhiteFideId "14200937"]
[BlackFideId "2209764"]
[WhiteElo "2617"]
[BlackElo "2327"]
[Result "1-0"]
[Round "01"]
[TimeControl "180+2"]
[Date "2023.01.17"]
[WhiteClock "0:00:18"]
[BlackClock "0:00:03"]

1. g3 e5 2. c4 Nf6 3. Bg2 d5 4. cxd5 Nxd5 5. Nc3 Nb6 6. d3 Be7 7. f4 Nc6 8. Bxc6+ bxc6 9. fxe5 O-O 10. Bf4 Nd5 11. Nf3 Bh3 12. Qd2 Nxf4 13. Qxf4 Rb8 14. b3 Rb4 15. Ne4 h6 16. Rc1 Qd5 17. Rc4 Rxc4 18. bxc4 Qa5+ 19. Kf2 Qxa2 20. g4 f5 21. exf6 Bxf6 22. Nxf6+ Rxf6 23. Qg3 a5 24. Qxh3 a4 25. g5 hxg5 26. Qc8+ Kh7 27. h4 g4 28. Qxg4 a3 29. Rg1 Rf7 30. h5 Qb2 31. h6 a2 32. hxg7 Rxg7 33. Rh1+ Kg8 34. Qe6+ Rf7 35. Qe8+ Kg7 36. Rg1+ Kf6 37. Qh8+ Ke7 38. Qxb2 1-0


[Site "https://www.chess.com"]

[Event "Titled Tuesday Blitz January 17 Early 2023"]
[White "Pasaribu, Ivan Maxmillian Putra"]
[Black "Pultinevicius, Paulius"]
[WhiteFideId "7104219"]
[BlackFideId "12809390"]
[WhiteElo "2229"]
[BlackElo "2537"]
[Result "0-1"]
[Round "01"]
[TimeControl "180+2"]
[Date "2023.01.17"]
[WhiteClock "0:01:04"]
[BlackClock "0:01:16"]

1. e4 c6 2. d4 d5 3. Nc3 dxe4 4. Nxe4 Nf6 5. Nxf6+ exf6 6. c3 Bd6 7. Bd3 Na6 8. Qc2 Nc7 9. Ne2 Nd5 10. Bd2 h5 11. O-O Kf8 12. a3 g6 13. c4 Ne7 14. Bc3 Kg7 15. Ng3 Bc7 16. Ne4 Bf5 17. Nxf6 Qd6 18. f4 Qxf6 19. d5 Bb6+ 20. Kh1 Bd4 21. Bb4 c5 22. Bd2 h4 23. h3 Bxd3 24. Qxd3 Nf5 25. Rfe1 Rhe8 26. Rab1 b6 27. b4 Kg8 28. Qf3 Nd6 29. Kh2 Nxc4 0-1


[Site "https://www.chess.com"]

[Event "Titled Tuesday Blitz January 17 Early 2023"]
[White "Ozen, Bahadir"]
[Black "Poeta, Caio Medeiros"]
[WhiteFideId "6337058"]
[BlackFideId "2142660"]
[WhiteElo "2369"]
[BlackElo "2088"]
[Result "1/2-1/2"]
[Round "01"]
[TimeControl "180+2"]
[Date "2023.01.17"]
[WhiteClock "0:00:19"]
[BlackClock "0:00:22"]

1. g3 Nf6 2. Bg2 e6 3. e4 d5 4. e5 Nfd7 5. f4 c5 6. Nf3 Nc6 7. O-O Be7 8. d3 O-O 9. c4 b6 10. Nc3 Bb7 11. cxd5 exd5 12. Nxd5 Re8 13. Be3 Bf8 14. Ng5 h6 15. Nh3 Rc8 16. Rc1 Ndb8 17. Qh5 Nxe5 18. Nf6+ Qxf6 19. fxe5 Qe7 20. Bxb7 Qxb7 21. Nf4 Nc6 22. e6 fxe6 23. Ng6 e5 24. Rf2 Ne7 25. Nxe5 Nd5 26. Bf4 Bd6 27. Ng6 Nxf4 28. Nxf4 Bxf4 29. Rxf4 Re7 30. Rcf1 Rce8 31. R4f2 Qd7 32. Qg6 Re6 33. Qh5 R6e7 34. Qg6 Re6 35. Qh5 R6e7 1/2-1/2


[Site "https://www.chess.com"]

[Event "Titled Tuesday Blitz January 17 Early 2023"]
[White "Schrik, Rachid"]
[Black "Stribuk, Artiom"]
[WhiteFideId "1009818"]
[BlackFideId "13515659"]
[WhiteElo "2182"]
[BlackElo "2378"]
[Result "0-1"]
[Round "01"]
[TimeControl "180+2"]
[Date "2023.01.17"]
[WhiteClock "0:00:02"]
[BlackClock "0:00:46"]

1. d4 Nf6 2. c4 c5 3. d5 b5 4. cxb5 a6 5. f3 axb5 6. e4 b4 7. e5 Nh5 8. g4 e6 9. Nh3 c4 10. Be3 Bb7 11. Bxc4 Qh4+ 12. Nf2 Be7 13. gxh5 Qxc4 14. d6 Bh4 15. Nd2 Qd5 16. Bf4 Qd4 17. Bg3 Bxg3 18. hxg3 Qxe5+ 19. Qe2 Qxd6 20. Nde4 Qe7 21. Rd1 f5 22. Nd6+ Kf8 23. Nxb7 d5 24. Qb5 Nd7 0-1


[Site "https://www.chess.com"]

[Event "Titled Tuesday Blitz January 17 Early 2023"]
[White "Bacrot, Etienne"]
[Black "Tokhirjonova, Gulrukhbegim"]
[WhiteFideId "605506"]
[BlackFideId "14203626"]
[WhiteElo "2667"]
[BlackElo "2340"]
[Result "1-0"]
[Round "01"]
[TimeControl "180+2"]
[Date "2023.01.17"]
[WhiteClock "0:00:54"]
[BlackClock "0:00:04"]

1. e4 e5 2. Nf3 Nf6 3. Nc3 Nc6 4. Bb5 Bb4 5. O-O O-O 6. d3 Bxc3 7. bxc3 d6 8. Bg5 Ne7 9. Bxf6 gxf6 10. d4 Ng6 11. Re1 Kh8 12. Nd2 Be6 13. g3 Rg8 14. Bf1 c6 15. Kh1 Qd7 16. Qf3 f5 17. d5 fxe4 18. dxe6 fxe6 19. Nxe4 Raf8 20. Qe3 d5 21. Nc5 Qf7 22. Bh3 Re8 23. f3 b6 24. Nd3 e4 25. fxe4 e5 26. Rf1 Qg7 27. Rae1 Re7 28. Bf5 Rge8 29. Qg5 Kg8 30. Bxg6 hxg6 31. Rf6 Re6 32. Rxe6 Rxe6 33. exd5 cxd5 34. Rxe5 Rf6 35. Re8+ Kf7 36. Re1 d4 37. Qd5+ Kf8 38. Qd8+ 1-0


[Site "https://www.chess.com"]

[Event "Titled Tuesday Blitz January 17 Early 2023"]
[White "Jares, Michal"]
[Black "Harsh Suresh"]
[WhiteFideId "386839"]
[BlackFideId "45018464"]
[WhiteElo "2177"]
[BlackElo "2298"]
[Result "0-1"]
[Round "01"]
[TimeControl "180+2"]
[Date "2023.01.17"]
[WhiteClock "0:00:06"]
[BlackClock "0:00:06"]

1. Nf3 d5 2. g3 g6 3. Bg2 Bg7 4. d4 c5 5. O-O cxd4 6. Nxd4 Nc6 7. Nxc6 bxc6 8. c4 e6 9. Nc3 Ne7 10. cxd5 cxd5 11. Bg5 O-O 12. Qd2 Bb7 13. Bh6 Bxh6 14. Qxh6 Nf5 15. Qd2 Qb6 16. e3 Rac8 17. Rac1 Nd6 18. b3 Qb4 19. Ne4 Qxd2 20. Nxd2 Nb5 21. a4 Nc3 22. Kh1 Ba6 23. Rfe1 Na2 24. Rxc8 Rxc8 25. f4 Rc2 26. Nf3 Rb2 27. Nd4 Bd3 28. Kg1 Kg7 29. h3 Nb4 30. Rc1 Nc2 31. Nxc2 Bxc2 32. a5 a6 33. Bf1 Bxb3 34. Bxa6 Ra2 35. Rc5 Kf6 36. Bb7 Kf5 37. a6 Ke4 38. Rc8 Kf3 39. Rc3 Bd1 40. Rc1 Be2 41. Bc8 Kxg3 42. Re1 Bxa6 43. Bd7 Bd3 44. Be8 Rg2+ 45. Kh1 Be4 46. Rg1 Kxh3 47. Rxg2 Bxg2+ 48. Kg1 f6 49. Bf7 e5 50. fxe5 fxe5 51. Bg8 h6 52. Be6+ Kg3 53. Bf7 g5 54. Be6 Be4 55. Bf7 Kf3 0-1


[Site "https://www.chess.com"]

[Event "Titled Tuesday Blitz January 17 Early 2023"]
[White "Krzyzanowski, Marcin"]
[Black "Jovic, Stanoje"]
[WhiteFideId "1132199"]
[BlackFideId "905020"]
[WhiteElo "2512"]
[BlackElo "2075"]
[Result "1-0"]
[Round "01"]
[TimeControl "180+2"]
[Date "2023.01.17"]
[WhiteClock "0:01:13"]
[BlackClock "0:00:58"]

1. e4 c6 2. Nf3 d5 3. d3 dxe4 4. dxe4 Qxd1+ 5. Kxd1 Bg4 6. Be2 Bxf3 7. Bxf3 h5 8. a4 g6 9. a5 Bh6 10. Nd2 Na6 11. Nc4 Bxc1 12. Kxc1 O-O-O 13. Re1 Nf6 14. h3 Nd7 15. Ra3 Kc7 16. e5 Ndc5 17. e6 fxe6 18. Ne5 Rhg8 19. Rc3 Rd4 20. b3 Nd7 21. Nxc6 bxc6 22. Rxc6+ Kb8 23. Rxa6 Nc5 24. Rc6 Rc8 25. Rxc8+ Kxc8 26. Re5 Nd7 27. Rxe6 Rd6 28. Rxe7 1-0


[Site "https://www.chess.com"]

[Event "Titled Tuesday Blitz January 17 Early 2023"]
[White "marik_spb"]
[Black "Boros, Denes"]
[BlackFideId "722340"]
[WhiteElo "2466"]
[BlackElo "2406"]
[Result "0-1"]
[Round "01"]
[TimeControl "180+2"]
[Date "2023.01.17"]
[WhiteClock "0:00:07"]
[BlackClock "0:00:10"]

1. d4 g6 2. c4 Nc6 3. Nf3 Bg7 4. Nc3 e5 5. d5 Nd4 6. e3 Nxf3+ 7. gxf3 d6 8. e4 Bd7 9. Bd3 Nf6 10. f4 exf4 11. Bxf4 Nh5 12. Be3 Qf6 13. Qb3 Nf4 14. O-O-O a5 15. Bc2 a4 16. Qxb7 O-O 17. Bd4 Qe7 18. Bxg7 Kxg7 19. Qxc7 Rac8 20. Qa7 Rxc4 21. Rhe1 Rfc8 22. Re3 R8c7 23. Qb6 Qe5 24. a3 Bg4 25. Rd2 h5 26. f3 Bd7 27. Kb1 h4 28. Bxa4 Bxa4 29. Nxa4 Rc1+ 30. Ka2 R7c2 31. Rxc2 Rxc2 32. Nc3 Rxh2 33. a4 h3 34. a5 Rd2 35. a6 h2 36. a7 Qe8 37. Re1 Nd3 38. Rh1 Rxb2+ 39. Qxb2 Nxb2 40. Kxb2 Qa8 41. Rxh2 Qxa7 42. Kc2 Qe3 43. Re2 Qxf3 44. Kd2 Qf4+ 45. Kd3 g5 46. Re3 g4 47. Ne2 Qe5 48. Rg3 f5 49. exf5 Qxf5+ 50. Ke3 Qe5+ 51. Kf2 Qe4 52. Nc3 Qf4+ 53. Kg2 Kh6 54. Ne2 Qe4+ 55. Kf2 Kh5 56. Re3 Qf5+ 57. Ke1 Kh4 58. Ng3 Qf4 59. Rd3 Qxg3+ 60. Rxg3 Kxg3 61. Kf1 Kh2 62. Kf2 g3+ 63. Kf3 g2 64. Kf4 g1=Q 65. Kf5 Qc5 66. Ke6 Kg3 0-1


[Site "https://www.chess.com"]